 Dungeon Crawl Stone Soup version 0.24-a0-592-g9a1d66b0e3 (webtiles) character file.

Game seed: 13957277737994216980, levelgen mode: deterministic

102475 Ijustatesigmund the Warrior (level 15, -19/146 HPs)
             Began as a Minotaur Fighter on Sept 7, 2019.
             Was the Champion of Cheibriados.
             Killed from afar by Aizul (24 damage)
             ... with a bolt of poison
             ... on level 15 of the Dungeon on Sept 9, 2019.
             The game lasted 00:56:08 (19565 turns).

Ijustatesigmund the Warrior (Minotaur Fighter)     Turns: 19565, Time: 00:56:10

Health: -19/146    AC: 17    Str: 41    XL:     15   Next: 86%
Magic:  15/21      EV: 21    Int: 22    God:    Cheibriados [******]
Gold:   1285       SH: 16    Dex: 27    Spells: 11/14 levels left

rFire    + + .     SeeInvis .   v - +3 war axe (flame)
rCold    . . .     Gourm    .   c - +1 shield
rNeg     . . .     Faith    .   b - +4 ring mail of the Manifold Gods {rElec rC- Regen+ Str+3}
rPois    .         Spirit   .   (helmet restricted)
rElec    +         Reflect  .   z - scarf {rC+ rF+}
rCorr    +         Harm     .   X - +1 pair of gloves
MR       +....                  w - +1 pair of boots
Stlth    +.........             N - amulet of regeneration
HPRegen  1.14/turn              E - +4 ring of slaying
MPRegen  0.17/turn              m - ring of resist corrosion

@: lethally poisoned (-19 -> -90), very slow
A: retaliatory headbutt, hooves 2, horns 2, icy blue scales 1, fire resistance 1
a: Bend Time, Temporal Distortion, Slouch, Step From Time, Renounce Religion


You were on level 15 of the Dungeon.
You worshipped Cheibriados.
Cheibriados was exalted by your worship.
You were hungry.

You visited 5 branches of the dungeon, and saw 25 of its levels.

You collected 2290 gold pieces.
You spent 1005 gold pieces at shops.

Inventory:

Hand Weapons
 v - a +3 war axe of flaming (weapon)
 K - a +0 broad axe
 Y - the +5 flail of the Extremely Mad {crush, rF- Str+4 Dex+8}
   (You found it on level 5 of the Lair of Beasts)

   It inflicts extra damage upon your enemies.
   It affects your strength (+4).
   It affects your dexterity (+8).
   It makes you vulnerable to fire.
Missiles
 e - a curare-tipped dart (quivered)
 n - 5 atropa-tipped darts
Armour
 b - the +4 ring mail of the Manifold Gods (worn) {rElec rC- Regen+ Str+3}
   (You found it on level 4 of the Dungeon)

   It affects your strength (+3).
   It makes you vulnerable to cold.
   It insulates you from electricity.
   It increases your rate of regeneration.
 c - a +1 shield (worn)
 w - a +1 pair of boots (worn)
 z - a scarf of resistance (worn)
 X - a +1 pair of gloves (worn)
Jewellery
 a - an uncursed ring of protection from magic
 h - an uncursed ring of fire
 m - a ring of resist corrosion (right hand)
 E - a +4 ring of slaying (left hand)
 N - an amulet of regeneration (around neck)
 T - an uncursed ring of protection from cold
 W - an uncursed ring of positive energy
Wands
 o - a wand of paralysis (31)
 p - a wand of digging (9)
 t - a wand of flame (14)
 y - a wand of acid (33)
 D - a wand of polymorph (12)
 J - a wand of iceblast (11)
 V - a wand of enslavement (10)
Scrolls
 l - 10 scrolls of remove curse
 q - a scroll of holy word
 s - 8 scrolls of teleportation
 u - 4 scrolls of immolation
 x - 6 scrolls of magic mapping
 C - 2 scrolls of summoning
 L - 2 scrolls of silence
 M - 4 scrolls of enchant weapon
 O - 4 scrolls of amnesia
 P - 2 scrolls of enchant armour
 Q - 2 scrolls of identify
 R - 2 scrolls of fear
 Z - 3 scrolls of blinking
Potions
 d - 5 potions of might
 g - 6 potions of brilliance
 i - 6 potions of agility
 j - 7 potions of curing
 k - 3 potions of flight
 r - 2 potions of heal wounds
 A - a potion of invisibility
 B - 2 potions of mutation
 F - 3 potions of magic
 G - 4 potions of cancellation
 I - 2 potions of lignification
 S - a potion of resistance
 U - 2 potions of ambrosia
Comestibles
 f - 39 rations


   Skills:
 + Level 16.8 Fighting
 + Level 16.6 Axes
 - Level 9.3 Armour
 - Level 10.3 Dodging
 - Level 9.3 Shields
 + Level 4.5 Translocations
 - Level 10.6 Invocations
 - Level 8.7 Evocations


You had 11 spell levels left.
You knew the following spells:

 Your Spells              Type           Power        Failure   Level  Hunger
a - Magic Dart            Conj           #...         41%         1    ##.....
b - Blink                 Tloc           N/A          11%         2    ###....

Your spell library contained the following spells:

 Spells                   Type           Power        Failure   Level  Hunger
 Gell's Gravitas          Tloc           ###.......   21%         3    ####...
 Shroud of Golubria       Chrm/Tloc      #.....       26%         2    ###....
 Confusing Touch          Hex            #.....       41%         1    ##.....
 Infusion                 Chrm           #...         41%         1    ##.....
 Call Imp                 Summ           #.......     54%         2    ###....
 Slow                     Hex            #.......     54%         2    ###....
 Confuse                  Hex            #.......     78%         3    ####...
 Conjure Flame            Conj/Fire      #.......     78%         3    ####...
 Mephitic Cloud           Conj/Pois/Air  #.......     78%         3    ####...
 Cause Fear               Hex            #.........   99%         4    #####..
 Petrify                  Tmut/Erth      #.......     99%         4    #####..
 Bolt of Magma            Conj/Fire/Erth #.........   100%        5    ######.
 Iskenderun's Battlesphe  Conj/Chrm      #.......     100%        5    ######.
 Metabolic Englaciation   Hex/Ice        #.........   100%        5    ######.
 Silence                  Hex/Air        #.........   100%        5    ######.
 Venom Bolt               Conj/Pois      #.........   100%        5    ######.
 Yara's Violent Unravell  Hex/Tmut       #.........   100%        5    ######.
 Deflect Missiles         Chrm/Air       #.........   100%        6    #######
 Iron Shot                Conj/Erth      #.........   100%        6    #######
 Simulacrum               Ice/Necr       #.........   100%        6    #######
 Orb of Destruction       Conj           #.........   100%        7    #######
 Spellforged Servitor     Conj/Summ      #.........   100%        7    #######
 Discord                  Hex            #.........   100%        8    #######


Dungeon Overview and Level Annotations

Branches:
Dungeon (15/15)            Temple (1/1) D:6            Lair (6/6) D:8
  Swamp (0/4) Lair:4        Snake (0/4) Lair:3        Slime (0/5) Lair:5
    Orc (2/2) D:9             Elf (0/3) Orc:2        Vaults (0/5) D:13
 Depths (1/5) D:15

Altars:
Cheibriados
Elyvilon
Fedhas
Nemelex Xobeh
Qazlal
Ru
Trog
Wu Jian
Xom
Yredelemnul
The Shining One

Shops:
D:4 (   D:15 [}   Orc:2 :!(:(

Annotations:
D:13 3 runed translucent doors, Esonecer's ghost, journeyman TrWz
D:15 Aizul


Innate Abilities, Weirdness & Mutations

You reflexively headbutt those who attack you in melee.
You have a pair of horns on your head.
You have hoof-like feet.
You are partially covered in icy blue scales. (AC +2)
Your flesh is heat resistant. (rF+)


Message History

Aizul is almost dead.
* * * LOW HITPOINT WARNING * * *
You feel very sick. Aizul barely misses you. You furiously retaliate!
You headbutt Aizul. You miss Aizul. You headbutt Aizul!
Aizul is almost dead.
* * * LOW HITPOINT WARNING * * *
You feel very sick.
Aizul coils herself and waves her upper body at you.
The bolt of poison hits you!!
You are more poisoned.
* * * LOW HITPOINT WARNING * * *
Cast which spell? (? or * to list)
You blink.
* * * LOW HITPOINT WARNING * * *
You feel very sick. Aizul casts a spell at you. The bolt of poison hits you!!
You are more poisoned.
You die...

# #.#
#)(.#.##.#.######.# #
#.# #.....####.######.#
# #.#
#...#.............# #
#.# ####[####.#########
# #.# #...#).⌠#.# # #.#
###.....#.##### # #.#
#.#...#.....# #.#
#..#.#.#.#..# #.#
#....)#@..#.# #.#
#####.#.....###
####.#### ##.#§S.#...#
...#....#####..####.####
...#...............#...#
...#....#####..........#
...#....# #####..#...#
...#.#### #......#
.....# ########


You could see Aizul.

Vanquished Creatures
  Frances (D:12)
  Nessos (D:14)
  An ettin (D:15)
  Josephine (Lair:5)
  2 ogre magi (D:15)
  2 catoblepae
  7 hydras
  Harold (D:9)
  2 dancing weapons (D:13)
  4 centaur warriors
  4 two-headed ogres
  4 death yaks (D:7)
  2 death knights
  2 tengu warriors (D:15)
  Urug (Lair:5)
  Nergalle (Orc:1)
  2 skeletal warriors
  A deep troll (D:15)
  4 unseen horrors
  A swamp dragon (Lair:4)
  5 deep elf magi
  6 orc knights
  3 oklob plants
  3 manticores
  8 cyclopes
  10 ugly things
  A guardian serpent (Lair:3)
  6 elephants (Lair:3)
  Maurice (D:9)
  6 black mambas
  20 spiny frogs
  2 rime drakes
  4 centaur skeletons
  3 freezing wraiths (D:14)
  A kobold demonologist (D:15)
  An efreet (D:12)
  9 komodo dragons
  9 trolls
  A polar bear (Lair:2)
  A troll (shapeshifter) (D:15)
  5 hornets
  5 tyrant leeches (Lair:6)
  8 slime creatures
  Prince Ribbit (D:5)
  2 wind drakes (shapeshifter) (D:15)
  35 blink frogs
  3 dream sheep (Lair:5)
  13 hippogriffs
  A shadow (D:14)
  Sigmund (D:3)
  A spriggan (D:7)
  9 wraiths
  A basilisk (D:12)
  44 yaks
  2 hungry ghosts (D:8)
  Grum (D:10)
  A steam dragon (D:9)
  Eustachio (D:6)
  13 vampire mosquitoes
  Menkaure (D:7)
  3 wargs
  An acid dragon (D:13)
  8 water moccasins
  6 porcupines
  3 ice beasts
  40 orc warriors
  2 phantoms
  2 black bears (D:9)
  11 ogres
  4 sky beasts
  33 centaurs
  6 wolves
  7 crocodiles
  4 big kobolds
  Blork the orc (D:5)
  21 bullfrogs
  2 gnoll sergeants (Orc:2)
  3 scorpions
  5 killer bees (D:13)
  6 wights
  4 howler monkeys
  3 electric eels (D:6)
  14 crimson imps
  2 bullfrog zombies
  A quasit (D:9)
  3 centaur zombies
  2 jellies
  13 orc priests
  A bullfrog skeleton (D:4)
  7 hounds
  6 iguanas
  21 orc wizards
  Crazy Yiuf (D:2)
  Jessica (D:2)
  Ijyb (D:3)
  14 worker ants
  4 hound skeletons
  A worker ant zombie (D:6)
  7 gnolls
  A howler monkey skeleton (D:8)
  18 adders
  5 shadow imps
  A white imp (D:6)
  2 oozes
  An adder skeleton (D:10)
  2 adder zombies
  5 worms
  15 dart slugs
  10 leopard geckos
  115 orcs
  3 giant cockroaches
  8 goblins
  7 hobgoblins
  10 jackals
  5 quokkas
  5 ball pythons
  10 bats
  10 frilled lizards
  A jackal skeleton (D:6)
  18 kobolds
  2 leopard gecko skeletons (D:7)
  9 rats
  6 fungi
  2 plants
837 creatures vanquished.

Vanquished Creatures (collateral kills)
  An orange crystal statue (D:15)
  A warg (D:15)
  An orc (D:15)
3 creatures vanquished.

Vanquished Creatures (others)
  An orc warrior (D:15)
  A centaur (Orc:2)
  2 orcs (D:15)
  A quokka (D:7)
  15 fungi
  41 plants
61 creatures vanquished.

Grand Total: 901 creatures vanquished

Notes
Turn   | Place    | Note
-------+----------+-------------------------------------------
     0 | D:1      | Ijustatesigmund the Minotaur Fighter began the quest for
                  | the Orb.
     0 | D:1      | Reached XP level 1. HP: 19/19 MP: 0/0
    36 | D:1      | Reached XP level 2. HP: 24/27 MP: 1/1
   183 | D:1      | Reached XP level 3. HP: 26/33 MP: 2/2
   527 | D:2      | Reached XP level 4. HP: 24/41 MP: 3/3
  1217 | D:2      | Noticed Jessica
  1221 | D:2      | Killed Jessica
  1221 | D:2      | Reached XP level 5. HP: 47/47 MP: 4/4
  1238 | D:2      | Found a basalt altar of Yredelemnul.
  1467 | D:2      | Found a runed translucent door.
  1468 | D:2      | Noticed Crazy Yiuf
  1475 | D:2      | Killed Crazy Yiuf
  1845 | D:3      | Noticed Ijyb
  1854 | D:3      | Killed Ijyb
  1854 | D:3      | Reached skill level 5 in Fighting
  1929 | D:3      | Reached skill level 5 in Shields
  1994 | D:3      | Noticed Sigmund
  2005 | D:3      | Killed Sigmund
  2005 | D:3      | Reached skill level 5 in Armour
  2005 | D:3      | Reached XP level 6. HP: 48/56 MP: 5/5
  2515 | D:4      | Reached skill level 5 in Axes
  2589 | D:4      | Reached XP level 7. HP: 62/62 MP: 6/6
  2690 | D:4      | Got a heavily runed ring mail
  2696 | D:4      | Identified the +4 ring mail of the Manifold Gods {rElec rC-
                  | Regen+ Str+3} (You found it on level 4 of the Dungeon)
  2853 | D:4      | Found Otweuny's Antique Weapon Shoppe.
  2860 | D:4      | Bought a glowing war axe for 149 gold pieces
  2923 | D:5      | Entered Level 5 of the Dungeon
  3012 | D:5      | Noticed Prince Ribbit
  3013 | D:5      | Found a stormy altar of Qazlal.
  3020 | D:5      | Killed Prince Ribbit
  3020 | D:5      | Reached XP level 8. HP: 66/71 MP: 7/7
  3191 | D:5      | Gained mutation: You have large cloven feet. [potion of
                  | mutation]
  3191 | D:5      | Gained mutation: Your flesh is heat resistant. (rF+)
                  | [potion of mutation]
  3191 | D:5      | Gained mutation: You have hoof-like feet. [potion of
                  | mutation]
  3191 | D:5      | Gained mutation: You are partially covered in icy blue
                  | scales. (AC +2) [potion of mutation]
  3231 | D:5      | Noticed Blork the orc
  3237 | D:5      | Killed Blork the orc
  3491 | D:6      | Found a staircase to the Ecumenical Temple.
  3501 | Temple   | Entered the Ecumenical Temple
  3513 | Temple   | Became a worshipper of Cheibriados the Contemplative
  3538 | D:6      | Reached skill level 1 in Dodging
  3538 | D:6      | Reached skill level 1 in Invocations
  3702 | D:6      | Reached * piety under Cheibriados
  3907 | D:6      | Reached XP level 9. HP: 73/81 MP: 9/9
  4306 | D:6      | Noticed Eustachio
  4314 | D:6      | Killed Eustachio
  4583 | D:7      | Noticed Menkaure
  4584 | D:7      | Found a white marble altar of Elyvilon.
  4586 | D:7      | Killed Menkaure
  4807 | D:8      | Noticed a death yak
  4814 | D:8      | Noticed a death yak
  4814 | D:8      | Noticed a death yak
  4816 | D:8      | Noticed a death yak
  4823 | D:7      | Killed a death yak
  4823 | D:7      | Reached ** piety under Cheibriados
  4862 | D:7      | Killed a death yak
  4862 | D:7      | Reached skill level 5 in Dodging
  4862 | D:7      | Reached XP level 10. HP: 64/91 MP: 12/12
  4920 | D:7      | Killed a death yak
  4920 | D:7      | Reached skill level 5 in Invocations
  4930 | D:7      | Killed a death yak
  4950 | D:8      | Found a staircase to the Lair.
  4960 | D:8      | Reached skill level 10 in Fighting
  5294 | D:8      | Reached skill level 10 in Axes
  5302 | D:8      | Reached *** piety under Cheibriados
  5421 | D:8      | Upgraded the game from 0.24-a0-585-g5c5dc1b5cb to
                  | 0.24-a0-592-g9a1d66b0e3
  5794 | D:9      | Noticed Harold
  5801 | D:9      | Noticed a two-headed ogre
  5872 | D:9      | Noticed a two-headed ogre
  5878 | D:8      | Killed a two-headed ogre
  5878 | D:8      | Reached **** piety under Cheibriados
  5878 | D:8      | Reached XP level 11. HP: 77/101 MP: 14/14
  5927 | D:9      | Killed a two-headed ogre
  5936 | D:9      | Killed Harold
  5942 | D:9      | Noticed a four-headed hydra
  5943 | D:9      | Noticed a deep elf mage
  6036 | D:9      | Killed an unseen horror
  6133 | D:9      | Found a blossoming altar of Fedhas.
  6175 | D:9      | Noticed Maurice
  6187 | D:9      | Killed Maurice
  6218 | D:9      | Killed a deep elf mage
  6364 | D:4      | Bought an ivory mace for 184 gold pieces
  6364 | D:4      | Identified the cursed +1 mace of Superiority {chaos, rF+
                  | Str-4 Int+4} (You bought it in a shop on level 4 of the
                  | Dungeon)
  6563 | D:9      | Killed a five-headed hydra
  6576 | D:9      | Reached ***** piety under Cheibriados
  7443 | D:9      | Found a staircase to the Orcish Mines.
  7483 | D:10     | Entered Level 10 of the Dungeon
  7511 | D:10     | Noticed Grum
  7517 | D:10     | Killed Grum
  8528 | D:11     | Reached XP level 12. HP: 112/112 MP: 17/17
  8762 | D:12     | Noticed Frances
  8766 | D:12     | Reached ****** piety under Cheibriados
  8774 | D:12     | Killed Frances
  8897 | D:12     | Noticed a two-headed ogre
  8904 | D:12     | Killed a two-headed ogre
  9285 | D:12     | Noticed a seven-headed hydra
  9296 | D:12     | Killed a seven-headed hydra
  9296 | D:12     | Reached skill level 10 in Dodging
  9463 | D:12     | Noticed a four-headed hydra
  9472 | D:12     | Killed a four-headed hydra
  9789 | D:12     | Noticed a two-headed ogre
  9800 | D:12     | Killed a two-headed ogre
 10124 | D:13     | Found a gate to the Vaults.
 10203 | D:13     | Noticed a death knight
 10208 | D:13     | Killed a death knight
 10211 | D:13     | Reached XP level 13. HP: 122/122 MP: 19/19
 10712 | D:13     | Found a runed translucent gate.
 10713 | D:13     | Noticed Esonecer's ghost (journeyman TrWz)
 10822 | D:13     | Found a runed translucent gate.
 10822 | D:13     | Found a runed translucent gate.
 11240 | Lair:1   | Entered Level 1 of the Lair of Beasts
 11431 | Lair:1   | Reached skill level 10 in Invocations
 12920 | Lair:3   | Found a staircase to the Snake Pit.
 13287 | Lair:3   | Reached skill level 1 in Evocations
 14087 | Lair:4   | Found a staircase to the Swamp.
 14242 | Lair:5   | Got a bone flail
 14243 | Lair:5   | Identified the +5 flail of the Extremely Mad {crush, rF-
                  | Str+4 Dex+8} (You found it on level 5 of the Lair of
                  | Beasts)
 14268 | Lair:5   | Noticed Urug
 14275 | Lair:5   | Killed Urug
 14275 | Lair:5   | Reached skill level 5 in Evocations
 14302 | Lair:5   | Reached XP level 14. HP: 130/132 MP: 20/20
 14418 | Lair:5   | Noticed Josephine
 14428 | Lair:5   | Killed Josephine
 14506 | Lair:5   | Found a staircase to the Slime Pits.
 14875 | Lair:6   | Entered Level 6 of the Lair of Beasts
 15075 | Lair:6   | Found a glowing golden altar of the Shining One.
 15883 | Lair:6   | Reached skill level 15 in Fighting
 16280 | Orc:1    | Entered Level 1 of the Orcish Mines
 16321 | Orc:1    | Noticed Nergalle
 16327 | Orc:1    | Killed Nergalle
 16354 | Orc:1    | Reached skill level 15 in Axes
 16746 | Orc:2    | Entered Level 2 of the Orcish Mines
 16746 | Orc:2    | Found Rerghuryr's Antique Weapon Boutique.
 16746 | Orc:2    | Found a staircase to the Elven Halls.
 17028 | Orc:2    | Reached XP level 15. HP: 109/141 MP: 16/21
 17087 | Orc:2    | Found Qogecest's Distillery.
 17087 | Orc:2    | Found Dootay's Antique Weapon Shop.
 17089 | Orc:2    | Found Agudan's Book Boutique.
 17091 | Orc:2    | Found Lofufytz's Book Shoppe.
 17204 | Orc:2    | Bought a potion of curing for 42 gold pieces
 17204 | Orc:2    | Bought a potion of heal wounds for 70 gold pieces
 17204 | Orc:2    | Bought 2 potions of curing for 84 gold pieces
 17204 | Orc:2    | Bought a potion of curing for 42 gold pieces
 17207 | Orc:2    | Bought a book of Minor Magic for 280 gold pieces
 17209 | Orc:2    | Learned a level 1 spell: Magic Dart
 17212 | Orc:2    | Learned a level 2 spell: Blink
 17684 | D:14     | Noticed Nessos
 17687 | D:14     | Killed Nessos
 17687 | D:14     | Reached skill level 1 in Translocations
 18018 | D:14     | Got a smoking ruby amulet
 18108 | D:14     | Found an ornate altar of the Wu Jian Council.
 18565 | D:15     | Entered Level 15 of the Dungeon
 18641 | D:15     | Identified the amulet "Repsete" {Harm *Drain rPois} (You
                  | found it on level 14 of the Dungeon)
 18845 | D:15     | Found Jodag's Antique Armour Shoppe.
 19120 | D:15     | Identified Sif Muna's Handbook of Enhancements and Evil
                  | Arts
 19412 | D:15     | Found a staircase to the Depths.
 19432 | D:15     | Found Enien's Gadget Emporium.
 19435 | D:15     | Bought a wand of enslavement (9) for 154 gold pieces
 19535 | Depths:1 | Entered Level 1 of the Depths
 19540 | Depths:1 | Noticed Aizul
 19565 | D:15     | HP: 5/146 [poisoned by Aizul (bolt of poison)]
 19565 | D:15     | Killed from afar by Aizul

Levels and vault maps discovered:
D:1:      dpeg_arrival_long_road, layout_rooms, minmay_pentomino_q2
D:2:      layout_loops_ring, overflow_temple_1_default, uniq_crazy_yiuf_cottage,
          uniq_jessica
D:3:      layout_basic, first_ration, kennysheep_doodads, uniq_sigmund,
          uniq_ijyb
D:4:      layout_basic, serial_shops, shop
D:5:      minmay_recursive_quarters, layout_rooms, basic_altar,
          uniq_prince_ribbit1, uniq_blork_the_orc
D:6:      kennysheep_slugbush, layout_gridville,
          minmay_temple_entry_statues_pillars, minmay_fire_ice_demons,
          uniq_eustachio
D:7:      layout_rooms, elyvilon_altar_4, the_bakery, uniq_menkaure
D:8:      layout_basic, dpeg_lair_monsters, special_room [special_room_orc],
          minmay_lizard_king
D:9:      minmay_the_grid_four_pointed_star
          [minmay_the_grid_triangle_9x9_dagger,
          minmay_the_grid_triangle_9x9_corrupted_corridor,
          minmay_the_grid_triangle_9x9_alien,
          minmay_the_grid_triangle_9x9_shrine,
          minmay_the_grid_prize_inner_circle], layout_loops_ring,
          hiddenorc1_lemuel, minmay_misc_feat_diagonals, uniq_maurice,
          uniq_harold
D:10:     layout_basic, serial_glass, glass_columns_a, glass_columns_b,
          roderic_lattice_a, uniq_grum
D:11:     layout_rooms
D:12:     layout_long_grid, gauntlet_entry_generic, minmay_diamond_spiral,
          uniq_frances
D:13:     layout_loops_corners, erik_vaults_1, gammafunk_ghost_hydra_chop
D:14:     layout_irregular_city, lemuel_oklob_altar, uniq_nessos
D:15:     hangedman_depths_entry_civil_slaughter, layout_basic, serial_shops,
          nicolae_shop_waterfront, shop, serial_park_square3
          [serial_park_minivault_5x5_6], minivault_15, minmay_shattered_shrine
Temple:   regret_index_temple_chain_breaker
Lair:1:   layout_regular_city
Lair:2:   wander_river, layout_chaotic_city, lemuel_fruit_tree,
          grunt_megastairs_1
Lair:3:   layout_regular_city, minmay_snake_entry_spellcaster
Lair:4:   layout_loops_ring, minmay_swamp_entry_reptiles, serial_bayou_shore_b,
          infiniplex_staircase_pool_2
Lair:5:   layout_misc_corridors, minmay_slime_entry_oklob_open,
          hangedman_lair_generics_rect, uniq_josephine, uniq_urug
Lair:6:   minmay_lair_end_frog_pond, layout_layer_cave, basic_altar,
          serial_bayou_shore_b
Orc:1:    layout_caves, uniq_nergalle
Orc:2:    st_orc_rangers, layout_caves, serial_shops,
          nicolae_shop_overgrown_old_shop, sword_in_stone
Depths:1: evilmike_halls_of_destruction, layout_basic, hell_entry,
          tso_metal_star, nrook_mini_backslash, grunt_decor_clamped,
          nooodl_orcs_dogs, uniq_aizul

Skill      XL: |  1  2  3  4  5  6  7  8  9 10 11 12 13 14 15 |
---------------+----------------------------------------------+-----
Fighting       | 4 5 6 7 9 10 12 13 14 15 16 | 16.8
Axes           | 3 4 5 6 7 9 10 11 13 15 16 | 16.6
Armour         | 4 5 6 7 9 |  9.3
Shields        | 4 5 6 7 9 |  9.3
Dodging        | 2 5 7 9 10 | 10.3
Invocations    | 2 4 6 8 9 10 | 10.6
Evocations     | 5 8 |  8.7
Translocations | 4 |  4.5

Action                   |  1- 3 |  4- 6 |  7- 9 | 10-12 | 13-15 || total
-------------------------+-------+-------+-------+-------+-------++-------
Melee: War axe           |    75 |   151 |   223 |   334 |   768 ||  1551
       Headbutt          |    10 |    24 |    44 |   122 |   242 ||   442
       Unarmed           |       |       |       |     5 |       ||     5
       Morningstar       |       |       |       |     4 |       ||     4
       Flail             |       |       |       |    11 |     3 ||    14
Throw: Dart              |       |       |       |     4 |     4 ||     8
 Cast: Blink             |       |       |       |       |     1 ||     1
Invok: Bend Time         |       |       |       |     3 |       ||     3
       Slouch            |       |       |       |       |     4 ||     4
Evoke: Wand              |       |       |       |    10 |    28 ||    38
  Use: Scroll            |     5 |     5 |     9 |    16 |    10 ||    45
       Potion            |       |       |     1 |     3 |     5 ||     9
 Stab: Distracted        |       |       |       |     1 |       ||     1
       Paralysed         |       |       |       |     2 |     2 ||     4
       Petrified         |       |       |       |       |     2 ||     2
       Sleeping          |       |       |       |       |     2 ||     2
  Eat: Chunk             |       |     2 |     6 |     4 |    16 ||    28
       Ration            |       |     1 |       |     2 |     1 ||     4
Armor: Scale mail        |    58 |     4 |       |       |       ||    62
       Chain mail        |       |    61 |    12 |       |       ||    73
       Ring mail         |       |       |    52 |   126 |   134 ||   312
Dodge: Dodged            |    34 |    25 |    59 |   217 |   414 ||   749
Block: Shield            |    44 |    75 |   114 |   293 |   619 ||  1145

Table legend:
 A = Non-vault XP
 B = Vault XP
 C = Vault XP percentage of total XP
 D = Non-vault monster count
 E = Vault monster count
 F = Vault count percentage of total count
                 A         B        C        D         E       F
            +---------+---------+-------+---------+---------+-------
      Total |   86114 |   60280 |  41.2 |     592 |     239 |  28.8
            +---------+---------+-------+---------+---------+-------
        D:1 |      59 |       2 |   3.3 |      31 |       1 |   3.1
        D:2 |     132 |      76 |  36.5 |      29 |       2 |   6.5
        D:3 |     106 |     256 |  70.7 |      22 |       2 |   8.3
        D:4 |     369 |       0 |   0.0 |      28 |       0 |   0.0
        D:5 |     697 |     435 |  38.4 |      17 |       6 |  26.1
        D:6 |     877 |     285 |  24.5 |      25 |      13 |  34.2
        D:7 |     541 |    3710 |  87.3 |      11 |       6 |  35.3
        D:8 |    2747 |     644 |  19.0 |      33 |      28 |  45.9
        D:9 |    2341 |    5533 |  70.3 |      24 |      32 |  57.1
       D:10 |    1496 |     536 |  26.4 |      25 |       4 |  13.8
       D:11 |    1357 |       0 |   0.0 |      22 |       0 |   0.0
       D:12 |    7328 |    4026 |  35.5 |      34 |       5 |  12.8
       D:13 |    3843 |    1808 |  32.0 |      19 |       2 |   9.5
       D:14 |   17081 |    1814 |   9.6 |      46 |       2 |   4.2
       D:15 |    8457 |   12802 |  60.2 |      43 |      24 |  35.8
     Lair:1 |    6670 |       0 |   0.0 |      29 |       0 |   0.0
     Lair:2 |    6089 |    1069 |  14.9 |      20 |       5 |  20.0
     Lair:3 |    5709 |     493 |   7.9 |      20 |       1 |   4.8
     Lair:4 |    2587 |     774 |  23.0 |      13 |       4 |  23.5
     Lair:5 |    4885 |    6744 |  58.0 |      19 |      15 |  44.1
     Lair:6 |    7755 |   11895 |  60.5 |      24 |      43 |  64.2
      Orc:1 |    2901 |     781 |  21.2 |      30 |       1 |   3.2
      Orc:2 |    2087 |    6597 |  76.0 |      28 |      43 |  60.6
            +---------+---------+-------+---------+---------+-------
